 Dungeon Crawl Stone Soup version 0.28.0-53-g5a82cb258f (webtiles) character file.

Game seed: 10553421196578395126

241665 sanboga the Executioner (level 19, -7/174 HPs)
             Began as a Minotaur Berserker on July 5, 2022.
             Was the Champion of Trog.
             Succumbed to poison (poison gas)
             ... on level 4 of the Swamp.
             The game lasted 00:51:18 (35093 turns).

sanboga the Executioner (Minotaur Berserker)       Turns: 35093, Time: 00:51:18

Health: -7/174     AC: 32    Str: 35    XL:     19   Next: 41%
Magic:  1/18       EV: 13    Int:  7    God:    Trog [******]
Gold:   550        SH:  0    Dex:  8    Spells: 18/18 levels left

rFire   . . .      SeeInvis +   a - +9 executioner's axe (flame)
rCold   + . .      Faith    .   (shield currently unavailable)
rNeg    . . .      Spirit   .   y - +2 plate armour {rC+}
rPois   .          Reflect  .   z - +2 hat {SInv}
rElec   .          Harm     .   d - +1 cloak
rCorr   .          Rampage  .   w - +3 Mad Mage's Maulers {Infuse+∞ RegenMP Int-3}
Will    +....                   p - +0 pair of boots
Stlth   ..........              F - amulet of regeneration
HPRegen 1.19/turn               h - ring "Lufee" {Fly Str+7 Int+6 Dex-4 Stlth+}
MPRegen 0.56/turn               J - +4 ring of slaying

@: lethally poisoned (-7 -> -51), on berserk cooldown, flying, slowed, very slow
A: horns 2, retaliatory headbutt
a: Renounce Religion, Berserk, Trog's Hand, Brothers in Arms


You were on level 4 of the Swamp.
You worshipped Trog.
Trog was exalted by your worship.
You visited 4 branches of the dungeon, and saw 27 of its levels.
You also visited: Sewer and Bailey.

You collected 2827 gold pieces.
You spent 2277 gold pieces at shops.

Inventory:

Hand Weapons
 a - a +9 executioner's axe of flaming (weapon)
 I - a +3 executioner's axe of flaming
Armour
 d - a +1 cloak (worn)
 p - a +0 pair of boots (worn)
 w - the +3 Mad Mage's Maulers (worn) {Infuse+∞ RegenMP Int-3}
   (You found it on level 8 of the Dungeon)

   It empowers its wearer's blows with all of their magic.
   It causes its wearer's magical reserves to regenerate more quickly.
   Int:       It affects your intelligence (-3).
 y - a +2 plate armour of cold resistance (worn)
 z - a +2 hat of see invisible (worn)
Jewellery
 h - the ring "Lufee" (left hand) {Fly Str+7 Int+6 Dex-4 Stlth+}
   (You found it on level 2 of the Orcish Mines)

   [ring of intelligence]

   Str:       It affects your strength (+7).
   Int:       It affects your intelligence (+6).
   Dex:       It affects your dexterity (-4).
   Fly:       It grants you flight.
   Stlth:     It makes you more stealthy.
 i - the ring "Feukkai" {rF+ Dex+3}
   (You found it on level 2 of the Swamp)

   [ring of protection from fire]

   Dex:       It affects your dexterity (+3).
   rF:        It protects you from fire.
 D - a ring of resist corrosion
 F - an amulet of regeneration (around neck)
 J - a +4 ring of slaying (right hand)
Wands
 l - a wand of iceblast (32)
 n - a wand of flame (19)
 t - a wand of mindburst (21)
 u - a wand of digging (18)
 x - a wand of charming (9)
 H - a wand of acid (7)
 K - a wand of paralysis (8)
 L - a wand of polymorph (7)
Scrolls
 b - a scroll of summoning
 f - 3 scrolls of fog
 k - 4 scrolls of fear
 q - a scroll of enchant weapon
 s - 11 scrolls of enchant armour
 A - 2 scrolls of holy word
 B - 10 scrolls of teleportation
 C - 3 scrolls of blinking
 G - 14 scrolls of identify
Potions
 c - 6 potions of haste
 e - 12 potions of curing
 g - 3 potions of ambrosia
 j - 3 potions of heal wounds
 m - 4 potions of might
 o - 2 potions of mutation
 r - 3 potions of resistance
 v - a potion of berserk rage
 O - a potion of invisibility
Miscellaneous
 E - a phantom mirror


   Skills:
 + Level 16.7 Fighting
 * Level 22.3 Axes
 + Level 19.7 Armour
 + Level 15.8 Dodging
 + Level 14.7 Unarmed Combat


You had 18 spell levels left.
You didn't know any spells.
Your spell library was empty.

Dungeon Overview and Level Annotations

Branches:
Dungeon (15/15)            Temple (0/1) D:5            Lair (6/6) D:9
  Swamp (4/4) Lair:2        Snake (0/4) Lair:3        Slime (0/5) Lair:5
    Orc (2/2) D:10            Elf (0/3) Orc:2        Vaults (0/5) D:14
 Depths (0/4) D:15          Sewer (visited)          Bailey (visited)

Altars:
Cheibriados
Dithmenos
Elyvilon
Gozag
Okawaru
Sif Muna
Vehumet
Xom
Yredelemnul
Zin
Beogh

Shops:
D:2 (((*[   Orc:2 !*=:


Innate Abilities, Weirdness & Mutations

You have a pair of horns on your head.
You reflexively headbutt those who attack you in melee.


Message History

* * * LOW HITPOINT WARNING * * *
x2 You feel extremely sick.
A swamp dragon comes into view.
The swamp dragon roars deafeningly!
You hack one of the eight-headed hydra's heads off!
The flame cauterises the wound!
You slice the seven-headed hydra!! You burn the seven-headed hydra.
The seven-headed hydra is heavily wounded.
You are engulfed in poison gas.
You are more poisoned.
* * * LOW HITPOINT WARNING * * *
x2 You feel extremely sick.
The seven-headed hydra bites you but does no damage. x2
The seven-headed hydra bites you.
* * * LOW HITPOINT WARNING * * *
The seven-headed hydra bites you but does no damage.
The seven-headed hydra bites you.
* * * LOW HITPOINT WARNING * * *
The seven-headed hydra bites you but does no damage. x2
You hack one of the seven-headed hydra's heads off!
The flame cauterises the wound!
You open the six-headed hydra like a pillowcase!!!
You burn the six-headed hydra!!
You kill the six-headed hydra!
Trog accepts your kill.
You are engulfed in poison gas.
You are more poisoned.
* * * LOW HITPOINT WARNING * * *
x2 You feel extremely sick.
* * * LOW HITPOINT WARNING * * *
You feel extremely sick.
You feel a strong urge to attack something.
* * * LOW HITPOINT WARNING * * *
You feel extremely sick.
* * * LOW HITPOINT WARNING * * *
You feel extremely sick.
You feel your anger nearly subside.
You are no longer berserk.
You are exhausted.
You feel yourself slow down.
You die...

♣ #.≈.# ♣ #≈≈.# ♣
##...## ##≈≈♣.≈##
#.≈≈.≈..##
#.|#####.†##
#.≈##)φ≈##≈.## ##
≈≈##≈≈.≈.##.≈# ≈≈#
♣
(≈#.≈≈..@.#≈≈##.≈#
≈♣
##≈...≈##≈≈#.≈≈#
♣♣ ##.≈.##☼...≈.♣
.♣
..≈##.≈.♣#.≈.♣###
♣≈ #≈.D..†≈†..≈##
##§.≈.♣≈...##
###########


You could see a swamp dragon.

Vanquished Creatures
  the Lernaean hydra (Swamp:4)
  Saint Roka (Orc:2)
  Gastronok (D:10)
  A thorn hunter (Swamp:4)
  Roxanne (D:14)
  Kirke (D:15)
  Agnes (D:15)
  Donald (Swamp:2)
  4 ghouls (Swamp:2)
  A stone giant (D:15)
  A very ugly thing (D:15)
  5 eleionomae
  3 bunyips
  Josephine (D:11)
  A fire dragon (Lair:6)
  26 hydras
  4 boulder beetles
  An ogre mage (D:10)
  3 catoblepae
  4 ghost crabs
  2 dancing weapons (D:14)
  A deep troll earth mage (D:15)
  8 centaur warriors
  13 two-headed ogres
  8 alligators
  7 death yaks
  2 death knights
  7 orc high priests
  4 tengu warriors
  6 spriggans
  Nergalle (D:11)
  A skeletal warrior (D:12)
  4 goliath frogs
  Pikel (D:4)
  4 spriggan druids
  5 swamp dragons
  5 bog bodies
  A wizard (D:15)
  2 deep elf pyromancers (D:13)
  11 orc knights
  A lindwurm (Lair:6)
  9 orc sorcerers
  An oklob plant (Lair:1)
  10 ugly things
  12 cyclopes
  6 manticores
  12 elephants
  Joseph (D:10)
  Maurice (Orc:2)
  13 black mambas
  4 gargoyles
  3 molten gargoyles (Lair:6)
  A torpor snail (Lair:4)
  Psyche (D:8)
  6 cane toads
  3 unseen horrors (D:11)
  16 komodo dragons
  A yaktaur (D:11)
  An efreet (D:10)
  9 rime drakes
  A kobold demonologist (D:11)
  A freezing wraith (D:12)
  3 polar bears
  5 trolls
  3 meliai (D:14)
  A troll (shapeshifter) (D:14)
  11 tyrant leeches
  6 hornets
  9 blink frogs
  12 dream sheep
  24 slime creatures
  2 centaur simulacra
  A shadow (D:13)
  7 wyverns
  43 yaks
  6 water elementals (D:15)
  A vampire (D:11)
  11 wraiths
  7 basilisks
  4 steam dragons
  19 vampire mosquitoes
  Menkaure (D:4)
  18 swamp worms
  10 wargs
  An acid dragon (D:11)
  4 hell hounds (Lair:6)
  Duvessa (D:4)
  28 water moccasins
  67 orc warriors
  10 swamp drakes
  A meliai simulacrum (D:15)
  A hornet zombie (D:7)
  2 black bears
  3 necrophages
  5 boggarts (D:15)
  10 ogres
  22 wolves
  2 lemures (D:4)
  25 centaurs
  A phantom (D:7)
  3 kobold brigands
  11 bullfrogs
  A gnoll sergeant (D:9)
  A water moccasin zombie (D:7)
  6 scorpions (D:5)
  A wyvern skeleton (D:7)
  Dowan (D:4)
  15 killer bees
  3 wights (D:8)
  2 electric eels (D:15)
  4 howler monkeys
  3 centaur zombies
  4 lava snakes (Lair:6)
  2 bullfrog zombies
  4 hounds
  3 jellies (Lair:5)
  35 orc priests
  2 iguanas
  23 orc wizards
  8 hell rats
  2 killer bee zombies
  A hound skeleton (D:4)
  3 howler monkey zombies
  5 gnolls (D:9)
  16 adders
  12 river rats
  2 shadow imps
  2 white imps
  2 adder skeletons (D:4)
  3 worms
  6 dart slugs
  129 orcs
  7 endoplasms
  7 giant cockroaches
  9 goblins
  5 hobgoblins
  5 jackals
  14 kobolds
  5 quokkas
  10 ball pythons
  16 bats
  6 frilled lizards
  14 rats
  4 briar patches (Swamp:4)
  6 bushes
  2 plants
1080 creatures vanquished.

Vanquished Creatures (collateral kills)
  An orc warrior (Orc:2)
  An orc priest (Orc:2)
  An orc wizard (Orc:2)
  An orc (Orc:2)
4 creatures vanquished.

Vanquished Creatures (others)
  A bloated husk (Swamp:3)
  An orc warrior (Orc:1)
  An orc priest (Orc:2)
  2 briar patches (Swamp:4)
  35 fungi
  59 plants
99 creatures vanquished.

Grand Total: 1183 creatures vanquished

Notes
Turn   | Place    | Note
-------+----------+-------------------------------------------
     0 | D:1      | sanboga the Minotaur Berserker began the quest for the Orb.
     0 | D:1      | Reached XP level 1. HP: 19/19 MP: 0/0
   190 | D:1      | Reached XP level 2. HP: 24/27 MP: 1/1
   285 | D:1      | Found a faded altar of an unknown god.
   294 | D:1      | Reached skill level 4 in Axes
   623 | D:1      | Reached ** piety under Trog
   840 | D:2      | Reached XP level 3. HP: 28/33 MP: 2/2
   934 | D:2      | Found Jeesmix's Antique Weapon Shop.
   937 | D:2      | Found Qyhuinum's General Store.
   969 | D:2      | Found Ubeb Toh's Armour Shoppe.
   971 | D:2      | Reached skill level 1 in Unarmed Combat
  1051 | D:2      | Bought a potion of curing for 42 gold pieces
  1219 | D:2      | Found Ypiobif's Antique Weapon Emporium.
  1303 | D:2      | Found Mereaf Lerph's Weapon Shop.
  1602 | D:3      | Found a shadowy altar of Dithmenos.
  1606 | D:3      | Found an opulent altar of Gozag.
  1773 | D:3      | Reached XP level 4. HP: 40/40 MP: 3/3
  1918 | D:2      | Bought a +0 war axe for 38 gold pieces
  2222 | D:4      | Found a glowing drain.
  2238 | Sewer    | Entered a sewer
  2633 | Sewer    | Reached *** piety under Trog
  2725 | Sewer    | Reached XP level 5. HP: 25/46 MP: 4/4
  2726 | Sewer    | Reached skill level 5 in Axes
  3595 | D:4      | Noticed a lemure
  3595 | D:4      | Noticed a lemure
  3595 | D:4      | Noticed a lemure
  3595 | D:4      | Noticed a lemure
  3595 | D:4      | Noticed Pikel
  3606 | D:4      | Killed a lemure
  3606 | D:4      | Killed a lemure
  3610 | D:4      | Killed Pikel
  3611 | D:4      | Reached skill level 5 in Fighting
  3611 | D:4      | Reached skill level 6 in Axes
  3611 | D:4      | Reached XP level 6. HP: 18/56 MP: 5/5
  3611 | D:4      | Reached XP level 7. HP: 20/61 MP: 6/6
  3929 | D:4      | Reached skill level 7 in Axes
  4033 | D:4      | Found a radiant altar of Vehumet.
  4117 | D:4      | Noticed Menkaure
  4123 | D:4      | Killed Menkaure
  4124 | D:4      | Reached skill level 5 in Armour
  4165 | D:4      | Noticed Duvessa
  4165 | D:4      | Noticed Dowan
  4170 | D:4      | Killed Dowan
  4171 | D:4      | Reached XP level 8. HP: 45/70 MP: 7/7
  4173 | D:4      | Killed Duvessa
  4968 | D:4      | Reached skill level 5 in Dodging
  5146 | D:4      | Reached skill level 8 in Axes
  5289 | D:5      | Entered Level 5 of the Dungeon
  5664 | D:2      | Bought a scroll of enchant armour for 105 gold pieces
  5992 | D:5      | Found a staircase to the Ecumenical Temple.
  6012 | D:5      | Found an iron altar of Okawaru.
  6053 | D:5      | Found a shimmering blue altar of Sif Muna.
  6320 | D:5      | Reached **** piety under Trog
  6340 | D:5      | Found the +7 Singing Sword {vorpal, sonic wave}
  6352 | D:5      | Reached skill level 9 in Axes
  6701 | D:5      | Reached XP level 9. HP: 55/78 MP: 8/8
  7053 | D:6      | Reached skill level 5 in Unarmed Combat
  7494 | D:2      | Bought a scroll of immolation for 49 gold pieces
  8086 | D:7      | Noticed a two-headed ogre
  8093 | D:7      | Killed a two-headed ogre
  8094 | D:7      | Reached skill level 10 in Axes
  8219 | D:7      | Found a flagged portal.
  8233 | Bailey   | Entered a bailey
  8742 | Bailey   | Reached XP level 10. HP: 88/88 MP: 9/9
  9052 | Bailey   | Reached skill level 11 in Axes
 10321 | Bailey   | Reached ***** piety under Trog
 11539 | D:7      | Found a basalt altar of Yredelemnul.
 11971 | D:8      | Noticed Psyche
 11988 | D:8      | Killed Psyche
 12064 | D:8      | Noticed a two-headed ogre
 12070 | D:8      | Killed a two-headed ogre
 12071 | D:8      | Reached skill level 12 in Axes
 12502 | D:8      | Found the +3 Mad Mage's Maulers {Infuse+∞ RegenMP Int-3}
 13168 | D:9      | Noticed a manticore
 13180 | D:9      | Killed a manticore
 13181 | D:9      | Reached XP level 11. HP: 81/97 MP: 0/10
 13786 | D:9      | Found a staircase to the Lair.
 14231 | D:10     | Entered Level 10 of the Dungeon
 14231 | D:10     | Noticed Gastronok
 14252 | D:10     | Killed Gastronok
 14253 | D:10     | Reached skill level 10 in Armour
 14288 | D:10     | Reached skill level 13 in Axes
 14304 | D:10     | Noticed a two-headed ogre
 14306 | D:10     | Noticed a two-headed ogre
 14310 | D:10     | Killed a two-headed ogre
 14310 | D:10     | Noticed an ogre mage
 14310 | D:10     | Noticed a tengu warrior
 14315 | D:10     | Killed a two-headed ogre
 14323 | D:10     | Killed a tengu warrior
 14327 | D:10     | Killed an ogre mage
 14333 | D:10     | Reached skill level 10 in Fighting
 14572 | D:10     | Noticed Joseph
 14575 | D:10     | Found a white marble altar of Elyvilon.
 14588 | D:10     | Killed Joseph
 14652 | D:10     | Found a staircase to the Orcish Mines.
 14675 | D:10     | Identified the +9 battleaxe of the Unkillable {vorpal, rF+
                  | Will- Dex+4} (Trog gifted it to you on level 10 of the
                  | Dungeon)
 14675 | D:10     | Received a gift from Trog
 14961 | D:10     | Found a shimmering altar of Xom.
 14962 | D:10     | Noticed an angel
 14966 | D:10     | Found a glowing silver altar of Zin.
 14988 | D:10     | Reached skill level 14 in Axes
 14988 | D:10     | Reached XP level 12. HP: 106/106 MP: 0/11
 15461 | D:11     | Noticed Josephine
 15471 | D:11     | Killed Josephine
 15567 | D:11     | Noticed Nergalle
 15575 | D:11     | Killed Nergalle
 15601 | D:11     | Noticed a four-headed hydra
 15602 | D:11     | Noticed a two-headed ogre
 15603 | D:11     | Noticed a centaur warrior
 15645 | D:11     | Killed a one-headed hydra
 15996 | D:11     | Killed a centaur warrior
 15999 | D:11     | Killed a two-headed ogre
 16000 | D:11     | Reached skill level 15 in Axes
 16002 | D:11     | Reached skill level 10 in Dodging
 16024 | D:11     | Noticed a tengu warrior
 16031 | D:11     | Killed a tengu warrior
 16031 | D:11     | Noticed a centaur warrior
 16036 | D:11     | Killed a centaur warrior
 16356 | D:11     | Noticed a two-headed ogre
 16361 | D:11     | Killed a two-headed ogre
 16535 | D:11     | Noticed a six-headed hydra
 16538 | D:11     | Noticed a seven-headed hydra
 16539 | D:11     | Killed an eight-headed hydra
 16540 | D:11     | Reached XP level 13. HP: 91/116 MP: 1/12
 16558 | D:11     | Reached skill level 10 in Unarmed Combat
 17168 | D:11     | Reached skill level 16 in Axes
 17512 | D:12     | Received a gift from Trog
 18393 | D:13     | Reached skill level 17 in Axes
 18404 | D:13     | Reached skill level 15 in Armour
 18694 | D:13     | Reached XP level 14. HP: 78/127 MP: 1/13
 19217 | D:13     | Received a gift from Trog
 19631 | D:14     | Found a gate to the Vaults.
 19686 | D:14     | Identified Roxanne's Reference Book on Changing
 19686 | D:14     | Noticed Roxanne
 19702 | D:14     | Killed Roxanne
 20146 | D:14     | Reached skill level 18 in Axes
 20280 | D:15     | Entered Level 15 of the Dungeon
 20512 | D:15     | Noticed Agnes
 20524 | D:15     | Killed Agnes
 20532 | D:15     | Received a gift from Trog
 20800 | D:15     | Found a staircase to the Depths.
 20800 | D:15     | Noticed a stone giant
 20809 | D:15     | Killed a stone giant
 21205 | D:15     | Found a runed translucent door.
 21206 | D:15     | Noticed a purple very ugly thing
 21245 | D:15     | Killed a purple very ugly thing
 21309 | D:15     | Noticed Kirke
 21319 | D:15     | Killed Kirke
 21938 | Lair:1   | Entered Level 1 of the Lair of Beasts
 22114 | Lair:1   | Reached XP level 15. HP: 126/137 MP: 0/14
 22596 | Lair:1   | Found the +9 staff of Wucad Mu {*channel}
 23320 | Lair:2   | Reached skill level 19 in Axes
 23350 | Lair:2   | Received a gift from Trog
 23745 | Lair:2   | Found a staircase to the Swamp.
 25151 | Lair:3   | Found a staircase to the Snake Pit.
 26556 | Lair:5   | Received a gift from Trog
 26687 | Lair:5   | Found a staircase to the Slime Pits.
 26907 | Lair:5   | Found a snail-covered altar of Cheibriados.
 27595 | Lair:6   | Entered Level 6 of the Lair of Beasts
 27649 | Lair:6   | Reached skill level 20 in Axes
 27842 | Lair:6   | Reached XP level 16. HP: 147/147 MP: 1/15
 27844 | Lair:6   | Reached ****** piety under Trog
 28233 | Lair:6   | Found a large runed translucent door.
 28347 | Lair:6   | Found a large runed translucent door.
 29269 | D:10     | Identified the +9 long sword "Hutessug" {vorpal, Fragile
                  | rN++}
 29276 | Orc:1    | Entered Level 1 of the Orcish Mines
 29325 | Orc:1    | Reached skill level 15 in Fighting
 29718 | Orc:1    | Received a gift from Trog
 29934 | Orc:2    | Entered Level 2 of the Orcish Mines
 30348 | Orc:2    | Noticed Maurice
 30355 | Orc:2    | Killed Maurice
 30362 | Orc:2    | Found Oxkateto's Jewellery Shoppe.
 30424 | Orc:2    | Noticed Saint Roka
 30442 | Orc:2    | Killed Saint Roka
 30509 | Orc:2    | Found Jeos's Book Shop.
 30591 | Orc:2    | Reached skill level 21 in Axes
 30767 | Orc:2    | Identified the ring "Lufee" {Fly Str+7 Int+6 Dex-4 Stlth+}
 30862 | Orc:2    | Received a gift from Trog
 31216 | Orc:2    | Found Zeter's Distillery.
 31252 | Orc:2    | Bought a potion of curing for 33 gold pieces
 31252 | Orc:2    | Bought 2 potions of haste for 220 gold pieces
 31252 | Orc:2    | Bought a potion of curing for 33 gold pieces
 31252 | Orc:2    | Bought a potion of curing for 33 gold pieces
 31252 | Orc:2    | Bought 2 potions of experience for 1100 gold pieces
 31259 | Orc:2    | Found Aziet's Assorted Antiques.
 31294 | Orc:2    | Bought a glowing plate armour for 624 gold pieces
 31617 | Orc:2    | Reached skill level 15 in Dodging
 31617 | Orc:2    | Reached XP level 17. HP: 156/156 MP: 1/16
 31618 | Orc:2    | Reached XP level 18. HP: 166/166 MP: 2/17
 31866 | Orc:2    | Found a staircase to the Elven Halls.
 32323 | Swamp:1  | Entered Level 1 of the Swamp
 32645 | Swamp:1  | Received a gift from Trog
 32876 | Swamp:1  | Identified the +6 battleaxe of the Countless Moons {flame,
                  | rF++ Str-2 Int+3}
 33415 | Swamp:2  | Noticed Donald
 33423 | Swamp:2  | Killed Donald
 33512 | Swamp:2  | Reached XP level 19. HP: 89/172 MP: 0/18
 33726 | Swamp:2  | Identified the ring "Feukkai" {rF+ Dex+3}
 34636 | Swamp:4  | Entered Level 4 of the Swamp
 34643 | Swamp:4  | Reached skill level 22 in Axes
 34885 | Swamp:4  | Identified the +1 plate armour "Faju" {Str+3}
 34911 | Swamp:4  | Received a gift from Trog
 35075 | Swamp:4  | Noticed the 27-headed Lernaean hydra
 35086 | Swamp:4  | Killed the 23-headed Lernaean hydra
 35091 | Swamp:4  | HP: 12/261 [poison (poison gas)]
 35092 | Swamp:4  | HP: 2/261 [poison (poison gas)]
 35093 | Swamp:4  | Succumbed to poison (poison gas)

Illustrated notes

Levels and vault maps discovered:
D:1:      dpeg_arrival_renting, layout_loops_ring,
          hellmonk_ecumenical_altar_run_dry
D:2:      layout_rooms, serial_shops, shop, shop, shop, shop,
          nicolae_shop_hallway_plus
D:3:      layout_loops_ring, grunt_temple_overflow_open, nrook_uturn
D:4:      minmay_razor_zed, layout_gridville, portal_sewer_entry_b,
          chequers_serial_rivers_room_b, hangedman_abyss_or_decor_passed,
          minmay_misc_feat_square, minmay_ruined_shrine, uniq_duvessa,
          uniq_pikel, uniq_menkaure
D:5:      old_forge, layout_basic, led_sif_pool, kennysheep_little_box,
          temple_doors_e, corexii_corridor_pit
D:6:      layout_loops_corners, serial_bayou_pond_e
D:7:      layout_loops_cross, mainiacjoe_overflow_alcove_4, enter_bailey_2
D:8:      layout_basic, uniq_psyche
D:9:      layout_irregular_city, david_lair_shrubbed, serial_column_ruins,
          column_ruins_corridor_straight, column_ruins_grid_1,
          column_ruins_open_tiny_water, column_ruins_grid_1
D:10:     hangedman_cross_stitches, layout_cave_pools,
          grunt_temple_overflow_order_and_chaos_1, elyvilon_altar_5,
          minmay_checkerbox, uniq_gastronok, uniq_joseph
D:11:     minmay_the_grid_octo_tiled_octocenter_mashed
          [minmay_the_grid_octo_horde, minmay_the_grid_octo_teeth,
          minmay_the_grid_octo_checkerflower, minmay_the_grid_octo_focus,
          minmay_the_grid_octo_prize_square_snowflake,
          minmay_the_grid_square_5x5_meh,
          minmay_the_grid_square_5x5_almost_minimal,
          minmay_the_grid_square_5x5_beaten_path,
          minmay_the_grid_square_5x5_spiral_small], layout_loops_ring,
          uniq_nergalle, uniq_josephine
D:12:     layout_roguey
D:13:     layout_basic
D:14:     layout_basic, erik_vaults_1, minivault_25, nooodl_orcs_dogs,
          uniq_roxanne
D:15:     grunt_enter_depths_snipers, layout_basic, dk_noncrumbling_2,
          wad_hexagon, uniq_kirke, uniq_agnes
Lair:1:   layout_small_grid, st_stairs_4, minmay_lair_oklob_bushes,
          minmay_shattered_shrine, serial_bayou_shore_b, grunt_megastairs_2
Lair:2:   layout_gridlike, minmay_swamp_entry_worms, kennysheep_abandoned_house,
          infiniplex_staircase_pool_2
Lair:3:   layout_regular_city, minmay_snake_entry_six_corridors
Lair:4:   layout_misc_corridors
Lair:5:   layout_loops_ring, minmay_slime_entry_pillars, basic_altar
Lair:6:   cheibrodos_lair_end_hotspot, layout_misc_corridors,
          minmay_lair_drake_nest
Swamp:1:  layout_basic_swamp, hangedman_swamp_ruin_wall
Swamp:2:  layout_basic_swamp, nicolae_swamp_some_circles, hangedman_swamp_lotus,
          swamp_pool4, uniq_donald
Swamp:3:  layout_falls_marsh, evilmike_swamp_ruin_house_3
Swamp:4:  swamp_basic_johnstein, layout_basic_swamp
Orc:1:    layout_caves, nicolae_orc_sculptors_studio
Orc:2:    pubby_orc_utopia, uniq_maurice

Skill      XL: |  1  2  3  4  5  6  7  8  9 10 11 12 13 14 15 16 17 18 19 |
---------------+----------------------------------------------------------+-----
Axes           | 4 6 7 9 10 12 14 15 17 18 20 21 22 | 22.3
Fighting       | 4 5 6 7 9 10 11 12 13 14 15 16 | 16.7
Armour         | 3 4 5 6 7 9 11 13 15 16 18 19 | 19.7
Unarmed Combat | 1 3 4 6 7 8 9 11 12 13 14 | 14.7
Dodging        | 3 4 5 6 8 9 10 11 12 13 15 | 15.8

Action                   |  1- 3 |  4- 6 |  7- 9 | 10-12 | 13-15 | 16-18 | 19-21 || total
-------------------------+-------+-------+-------+-------+-------+-------+-------++-------
Melee: Hand axe          |    61 |     1 |       |       |       |       |       ||    62
       Headbutt          |    12 |    17 |    40 |    82 |   150 |    55 |    22 ||   378
       War axe           |       |    74 |   299 |   295 |       |       |       ||   668
       Punch             |       |       |    12 |    16 |     2 |       |       ||    30
       Unarmed           |       |       |       |    10 |       |       |       ||    10
       Battleaxe         |       |       |       |   109 |   443 |       |       ||   552
       Scimitar          |       |       |       |     9 |     5 |       |       ||    14
       Broad axe         |       |       |       |       |    11 |       |       ||    11
       Executioner's axe |       |       |       |       |   259 |   397 |   134 ||   790
Invok: Berserk           |       |     1 |     5 |     7 |     9 |     2 |     2 ||    26
       Brothers in Arms  |       |       |       |       |       |     1 |       ||     1
Evoke: Wand              |       |       |       |    18 |       |       |       ||    18
  Use: Scroll            |     1 |     1 |    10 |    10 |     8 |     3 |       ||    33
       Potion            |       |       |     4 |     5 |     5 |     4 |     1 ||    19
 Stab: Sleeping          |     2 |       |       |       |    11 |     7 |       ||    20
       Held in net/web   |       |       |     2 |       |       |       |       ||     2
       Invisible         |       |       |       |       |     4 |       |       ||     4
       Distracted        |       |       |       |       |     2 |     1 |       ||     3
Armor: Animal skin       |     7 |    22 |    35 |       |       |       |       ||    64
       Chain mail        |       |       |    57 |       |       |       |       ||    57
       Plate armour      |       |       |    70 |   355 |    16 |    63 |   174 ||   678
       Skin              |       |       |       |     6 |       |       |       ||     6
       Shadow dragon sca |       |       |       |       |   411 |   168 |       ||   579
Dodge: Dodged            |    42 |    69 |   202 |   331 |   458 |   251 |   105 ||  1458
